cohdb
Replays
Latest Replays
All Replays
Popular Replays
Top Player Replays
Match Explorer
How It Works
Community
CoH3 Stats
Reddit
Sign in to upload your games and track your stats! →
Sign in with Steam
Match 43591334
Unlisted
Match 43591334
Overview
Messages
Build Orders
End
Kradschützen Motorcycle Team
Panzergrenadier Squad
Panzergrenadier Squad
Panzergrenadier Squad
Construct Light Support Kompanie
Fire Support Elements
Selects Battlefield Espionage Battlegroup
Selects Battlefield Espionage Battlegroup
Panzerjäger Mechanized Group
Flakvierling Half-track
2.5-tonne Medical Truck
Selects 250/3 Funkpanzerwagen
Selects Anti-Tank Incendiary Munitions
Panzergrenadier Squad
Vehicle Survival Package
Veteran Squad Leaders
Assault Mechanized Group
Pak 38 Anti-tank Gun Team
Construct Panzerarmee Kommand
Panzer III L Medium Tank
Selects Operation Skorpion
Selects Sector Subterfuge Beacon
Selects Plunder
Panzer III L Medium Tank
Selects Firestorm
Firestorm
Emergency Repair Kits
Monsieur Nathan
Ang1eton
0
0
Comments
sign in to comment!
No comments posted yet!